cohdb
Replays
Latest Replays
All Replays
Popular Replays
Top Player Replays
Match Explorer
How It Works
Community
CoH3 Stats
Reddit
Sign in to upload your games and track your stats! →
Sign in with Steam
Match 45676186
Unlisted
Match 45676186
Overview
Messages
Build Orders
End
Vickers Machine Gun Team
Selects Australian Defense Battlegroup
Selects Australian Light Infantry Section
Australian Light Infantry Section
Royal Engineer Section
Construct Section Command Post
Infantry Section
Infantry Section
Grenade Package
Construct Platoon Command Post
Construct Platoon Command Post
CMP 15cwt Truck
Construct Field Infirmary
6-pounder Anti-tank Gun Team
Selects CMP 15cwt Supply Run
CMP 15cwt Supply Run
Selects Defensive Tactics
Infantry Training
Construct Company Command Post
Crusader II Medium Tank
CMP 15cwt Supply Run
Crusader II Medium Tank
Selects Reinforced Resource Caches
Aaron
♠♣ Kvothe ♠♣
0
0
Comments
sign in to comment!
No comments posted yet!